 Dungeon Crawl Stone Soup version 0.27-a0-1559-g299f9947c5 (webtiles) character file.

Game seed: 16668278129986208665

1389 FollowTheCloud the Magician (level 8, -4/41 HPs)
             Began as a Deep Elf Conjurer on July 16, 2021.
             Was a Follower of Vehumet.
             Slain by Duvessa (7 damage)
             ... on level 6 of the Dungeon.
             The game lasted 00:33:12 (8092 turns).

FollowTheCloud the Magician (Deep Elf Conjurer)     Turns: 8092, Time: 00:33:12

Health: -4/41      AC:  2    Str:  3 (4)  XL:     8   Next: 40%
Magic:  4/21       EV: 14    Int: 26      God:    Vehumet [*.....]
Gold:   324        SH:  5    Dex: 12 (13) Spells: 3/21 levels left

rFire    . . .     SeeInvis .   d - +2 dagger (drain)
rCold    . . .     Faith    .   (no shield)
rNeg     . . .     Spirit   .   a - +0 robe
rPois    .         Reflect  +   (no helmet)
rElec    .         Harm     .   (no cloak)
rCorr    .         Rampage  .   (no gloves)
Will     +....                  (no boots)
Stlth    +++.......             c - amulet of reflection
HPRegen  0.13/turn              A - ring of wizardry
MPRegen  0.17/turn              w - ring of willpower

@: no status effects
A: no striking features
a: Renounce Religion


You were on level 6 of the Dungeon.
You worshipped Vehumet.
Vehumet was aware of your devotion.
You visited 2 branches of the dungeon, and saw 7 of its levels.
You also visited: Sewer and Ossuary.

You collected 324 gold pieces.

Inventory:

Hand Weapons
 d - a +2 dagger of draining (weapon)
Armour
 a - a +0 robe (worn)
Jewellery
 c - an amulet of reflection (around neck)
 f - a ring of flight
 v - an amulet of faith
 w - a ring of willpower (right hand)
 A - a ring of wizardry (left hand)
Wands
 b - a wand of flame (18)
 j - a wand of paralysis (7)
Scrolls
 e - a scroll of vulnerability {unknown}
 i - a scroll of amnesia {unknown}
 k - a scroll of silence {unknown}
 l - 7 scrolls of enchant armour {unknown}
 m - 3 scrolls of teleportation {unknown}
 n - a scroll of torment {unknown}
 p - 3 scrolls of summoning
 q - a scroll of fog {unknown}
 r - a scroll of magic mapping {unknown}
 s - a scroll of acquirement {unknown}
 t - a scroll of fear {unknown}
 u - 4 scrolls of identify {unknown}
 x - 2 scrolls of enchant weapon {unknown}
 y - a scroll of blinking {unknown}
Potions
 g - a potion of cancellation
 h - a potion of lignification {unknown}
 o - 6 potions of flight
 z - a potion of curing {unknown}
 B - a potion of haste {unknown}


   Skills:
 + Level 6.6 Dodging
 - Level 4.6 Stealth
 + Level 7.3 Spellcasting
 + Level 7.2 Conjurations
 - Level 4.5 Hexes
 + Level 1.6 Ice Magic


You had 3 spell levels left.
You knew the following spells:

 Your Spells              Type           Power      Damage    Failure   Level
a - Magic Dart            Conj           100%       1d8       1%          1
b - Searing Ray           Conj           94%        3d6       1%          2
c - Dazzling Flash        Conj/Hex       80%        N/A       1%          3
d - Fulminant Prism       Conj/Hex       20%        3d13      2%          4
e - Iskenderun's Mystic   Conj/Tloc      28%        2d7       6%          4
f - Hailstorm             Conj/Ice       32%        3d8       4%          4

Your spell library contained the following spells:

 Spells                   Type           Power      Damage    Failure   Level
 Foxfire                  Conj/Fire      100%       2x1d9     1%          1
 Freeze                   Ice            72%        1d9       1%          1
 Portal Projectile        Hex/Tloc       42%        N/A       2%          3
 Frozen Ramparts          Ice            36%        1d5       3%          3
 Blade Hands              Tmut           4%         N/A       52%         5
 Excruciating Wounds      Necr           4%         N/A       52%         5


Dungeon Overview and Level Annotations

Branches:
Dungeon (6/15)             Temple (1/1) D:4           Sewer (visited)
Ossuary (visited)

Altars:
Ashenzari
Cheibriados
Dithmenos
Elyvilon
Fedhas
Gozag
Hepliaklqana
Kikubaaqudgha
Makhleb
Nemelex Xobeh
Qazlal
Sif Muna
Trog
Uskayaw
Vehumet
Wu Jian
Xom
Zin
The Shining One

Annotations:
D:6 Duvessa, Pikel


Message History

Confirm with . or Enter, or press ? or * to list all spells.
The spell is quite dangerous to cast (6% risk of failure)!
Continue anyway?
You erupt in a blast of force!
The mystic blast hits Dowan.
Dowan is almost dead.
Dowan is knocked back by the mystic blast.
Dowan slams into the rock wall!
The mystic blast hits Duvessa.
Duvessa is lightly wounded.
Duvessa is knocked back by the mystic blast.
Duvessa slams into the rock wall!
You hear an angry hiss.
Dowan mumbles some strange words.
Dowan blinks!
Casting: Iskenderun's Mystic Blast (quite dangerous; 6% risk of failure)
Confirm with . or Enter, or press ? or * to list all spells.
Aiming: Magic Dart (safe; 1% risk of failure)
Press: ? - help, Shift-Dir - straight line, f - Dowan
Aim: Dowan, wielding a +0 dagger and wearing a +0 robe (almost dead, 100% to hit)
The magic dart hits Dowan.
You kill Dowan!
Vehumet accepts your kill.
You hear a distant scream of rage.
You feel your dexterity returning.
Duvessa goes berserk!
Duvessa rages.
Duvessa hits you with a +2 rapier of freezing!
Duvessa freezes you. Duvessa completely misses you. You block Duvessa's attack.
Duvessa hits you with a +2 rapier of freezing!!
* * * LOW HITPOINT WARNING * * *
Duvessa freezes you!
* * * LOW HITPOINT WARNING * * *
Duvessa completely misses you.
Casting: Magic Dart (safe; 1% risk of failure)
Confirm with . or Enter, or press ? or * to list all spells.
Okay, then.
Unknown command.
It was a potion of cancellation.
You feel magically purged.
Duvessa hits you with a +2 rapier of freezing!
You die...

#.# #.##..##### #.# #.
#.# #. #.## ##.##>..
#.######.##.# #.....#
e........##.# #..##...
#.#######)..# ##### #..#
#. #.####)##.#.###...###
#..# ...
#...e.#............>##
#... #..
#.##.###...###...#...##
#.##..K# #.#.##
#...#.#.e@.....## #.# #
#.##.###.###.###.......#
#.#
..###.#..#.....#........
#.. ##...###.###.......#
### #.#...#.#........##
#.#...#'#...#...##
#.#........!...<...
#.###.##.#.##..#### #.#
#.##.#.# ..#


You could see Duvessa (berserk).

Vanquished Creatures
  A water moccasin (D:5)
  2 ogres
  4 scorpions
  A water moccasin zombie (D:4)
  Dowan (D:6)
  A water moccasin skeleton (D:5)
  2 centaur zombies (Ossuary)
  A hound (D:4)
  2 jellies
  4 orc priests
  3 orc wizards
  4 iguanas (D:5)
  A hound skeleton (D:4)
  4 mummies (Ossuary)
  Robin (D:2)
  A river rat (D:4)
  3 adders
  A howler monkey skeleton (D:5)
  A white imp (D:6)
  4 worms (Sewer)
  2 dart slugs (D:3)
  17 orcs
  6 endoplasms
  4 giant cockroaches
  3 gnoll zombies (Ossuary)
  16 goblins
  11 hobgoblins
  8 jackals
  4 quokkas
  8 ball pythons
  10 bats
  3 frilled lizards (Sewer)
  A goblin zombie (Ossuary)
  A hobgoblin zombie (Ossuary)
  3 kobolds (D:1)
  A kobold zombie (Ossuary)
  3 rats
143 creatures vanquished.

Vanquished Creatures (others)
  A fulminant prism (D:6)
1 creature vanquished.

Grand Total: 144 creatures vanquished

Notes
Turn   | Place    | Note
-------+----------+-------------------------------------------
     0 | D:1      | FollowTheCloud the Deep Elf Conjurer began the quest for
                  | the Orb.
     0 | D:1      | Reached XP level 1. HP: 10/10 MP: 6/6
   207 | D:1      | Reached XP level 2. HP: 7/15 MP: 0/8
   665 | D:1      | Found a faded altar of an unknown god.
  1027 | D:2      | Reached XP level 3. HP: 16/19 MP: 5/10
  1445 | D:2      | Noticed Robin
  1651 | D:2      | Killed Robin
  1819 | D:3      | Reached XP level 4. HP: 24/24 MP: 9/11
  2010 | D:3      | Learned a level 2 spell: Searing Ray
  2014 | D:3      | Learned a level 3 spell: Dazzling Flash
  2051 | D:3      | Reached skill level 5 in Conjurations
  2393 | D:3      | Reached XP level 5. HP: 28/28 MP: 6/13
  2774 | D:3      | Found a glowing golden altar of the Shining One.
  3413 | D:4      | Found a glowing drain.
  3428 | D:4      | Reached XP level 6. HP: 17/32 MP: 8/15
  3578 | Sewer    | Entered a sewer
  4269 | Sewer    | Reached skill level 5 in Spellcasting
  4839 | D:4      | Reached skill level 1 in Ice Magic
  5476 | D:4      | Reached skill level 5 in Dodging
  5476 | D:4      | Reached skill level 1 in Hexes
  5603 | D:4      | Found a staircase to the Ecumenical Temple.
  5611 | Temple   | Entered the Ecumenical Temple
  5772 | Temple   | Became a worshipper of Vehumet
  5883 | D:5      | Entered Level 5 of the Dungeon
  5888 | D:5      | Reached XP level 7. HP: 36/36 MP: 12/17
  5997 | D:5      | Learned a level 4 spell: Fulminant Prism
  6002 | D:5      | Learned a level 4 spell: Iskenderun's Mystic Blast
  7082 | D:5      | Reached XP level 8. HP: 32/41 MP: 16/20
  7575 | D:6      | Noticed Pikel
  7658 | D:6      | Noticed Duvessa
  7658 | D:6      | Noticed Dowan
  7672 | D:6      | Found a sand-covered staircase.
  7680 | Ossuary  | Entered an ossuary
  7757 | Ossuary  | Reached * piety under Vehumet
  7757 | Ossuary  | Offered knowledge of Foxfire by Vehumet.
  7763 | Ossuary  | Learned a level 4 spell: Hailstorm
  8082 | D:6      | Killed Dowan
  8092 | D:6      | Slain by Duvessa

Illustrated notes

Levels and vault maps discovered:
D:1:      dpeg_arrival_tiny_a, layout_loops_ring,
          hellmonk_ecumenical_altar_heavens_door
D:2:      layout_basic, minmay_misc_feat_chi, uniq_robin
D:3:      layout_loops_cross, tso_metal_star, minmay_misc_feat_tower
D:4:      layout_gridville, minmay_temple_entry_nine_rooms,
          cheibrodos_sewer_entry_sluice
D:5:      layout_loops_cross
D:6:      layout_loops_ring, nicolae_ossuary_entry_plus, uniq_duvessa,
          uniq_menkaure, uniq_pikel
Temple:   regret_index_temple_mists

Skill      XL: |  1  2  3  4  5  6  7  8 |
---------------+-------------------------+-----
Stealth        | 3 4 |  4.6
Dodging        | 3 4 5 6 |  6.6
Conjurations   | 5 6 7 |  7.2
Spellcasting   | 4 5 6 7 |  7.3
Ice Magic      | 1 |  1.6
Hexes          | 1 3 4 |  4.5

Action                   |  1- 3 |  4- 6 |  7- 9 || total
-------------------------+-------+-------+-------++-------
Melee: Dagger            |       |     1 |     2 ||     3
 Cast: Magic Dart        |    67 |    97 |    42 ||   206
       Searing Ray       |       |    20 |    26 ||    46
       Dazzling Flash    |       |     4 |     5 ||     9
       Hailstorm         |       |       |     2 ||     2
       Iskenderun's Myst |       |       |     1 ||     1
       Fulminant Prism   |       |       |     1 ||     1
Evoke: Wand              |       |       |     2 ||     2
  Use: Potion            |       |     1 |     3 ||     4
Armor: Robe              |     3 |     5 |     1 ||     9
Dodge: Dodged            |     8 |    32 |    20 ||    60
Block: Other             |     1 |    17 |     4 ||    22
       Reflection        |     1 |     1 |       ||     2

Table legend: (Time is in decaauts)
 A = Elapsed time spent in this place.
 B = Non-inter-level travel time spent in this place.
 C = Inter-level travel time spent in this place.
 D = Time resting spent in this place.
 E = Time spent auto-exploring this place.
 F = Levels seen in this place.
 G = Mean time per level.
                   A        B        C        D        E       F      G
               +--------+--------+--------+--------+--------+-----+--------+
         Total |   8355 |   8251 |    104 |   2554 |   3547 |   9 |  928.3 |
       Dungeon |   6649 |   6545 |    104 |   2157 |   2959 |   6 | 1108.2 |
        Temple |    221 |    221 |      0 |      0 |    192 |   1 |  221.0 |
         Sewer |   1158 |   1158 |      0 |    246 |    367 |   1 | 1158.0 |
       Ossuary |    326 |    326 |      0 |    151 |     28 |   1 |  326.0 |
               +--------+--------+--------+--------+--------+-----+--------+

Top non-repeatable levels by time:
     D:5: 1601 daAuts
     D:4: 1489 daAuts
     D:3: 1481 daAuts
   Sewer: 1158 daAuts
     D:2: 958 daAuts
     D:1: 838 daAuts
 Ossuary: 326 daAuts
     D:6: 279 daAuts
  Temple: 221 daAuts
